 Dungeon Crawl Stone Soup version 0.29.1-2-gbd0b4ee654 (webtiles) character file.

Game seed: 7570644759478726921

301 qeuew the Shooter (level 6, -2/70 HPs)
             Began as a Human Hunter on Nov 4, 2022.
             Was an Initiate of Hepliaklqana.
             Succumbed to a water moccasin's poison
             ... on level 5 of the Dungeon.
             The game lasted 00:09:56 (4112 turns).

qeuew the Shooter (Human Hunter)                    Turns: 4112, Time: 00:09:56

Health: -2/70      AC:  5    Str: 12    XL:     6   Next: 64%
Magic:  6/6        EV: 11    Int:  9    God:    Hepliaklqana [......]
Gold:   230        SH:  5    Dex: 18    Spells: 5/5 levels left

rFire   . . .      SeeInvis .   c - +0 short sword
rCold   . . .      Faith    .   (no shield)
rNeg    . . .      Spirit   .   l - +0 ring mail
rPois   .          Reflect  +   (no helmet)
rElec   .          Harm     .   (no cloak)
rCorr   .          Rampage  .   (no gloves)
Will    .....                   (no boots)
Stlth   ..........              o - amulet of reflection
HPRegen 0.21/turn               (no ring)
MPRegen 0.10/turn               (no ring)

@: berserking, lethally poisoned (-2 -> -22), very quick
A: no striking features
a: Renounce Religion


You were on level 5 of the Dungeon.
You worshipped Hepliaklqana.
Hepliaklqana was noncommittal.
You visited 2 branches of the dungeon, and saw 6 of its levels.

You collected 230 gold pieces.

Inventory:

Hand Weapons
 a - a +1 shortbow
 c - a +0 short sword (weapon)
Armour
 l - a +0 ring mail (worn)
Jewellery
 o - an amulet of reflection (around neck)
Scrolls
 i - 2 scrolls of teleportation
 j - 2 scrolls of blinking
 k - a scroll of fear
 p - 2 scrolls of enchant armour
 t - a scroll of amnesia
Potions
 e - a potion of brilliance
 h - 2 potions of magic


   Skills:
 * Level 3.2 Fighting
 * Level 1.9 Short Blades
 + Level 5.3 Ranged Weapons
 * Level 2.4 Armour
 * Level 3.1 Dodging
 - Level 1.0 Stealth
 + Level 0.1 Shields


You had 5 spell levels left.
You didn't know any spells.
Your spell library contained the following spells:

 Spells                   Type           Power      Damage    Failure   Level
 Ensorcelled Hibernation  Hex/Ice        0%         N/A       80%         2
 Passwall                 Tmut/Erth      0%         N/A       80%         2
 Swiftness                Air            0%         N/A       95%         3


Dungeon Overview and Level Annotations

Branches:
Dungeon (5/15)             Temple (1/1) D:4

Altars:
Ashenzari
Cheibriados
Dithmenos
Fedhas
Hepliaklqana
Kikubaaqudgha
Okawaru
Ru
Sif Muna
Trog
Xom
Yredelemnul
Zin
The Shining One

Annotations:
D:3 2 transporters, Icepheonix32's ghost, amateur DgTm


Message History

Aim: a water moccasin (severely wounded, 50% to hit)
You shoot an arrow.
The arrow barely misses the water moccasin.
The arrow barely misses the howler monkey.
The water moccasin bites you but does no damage. x2
You are already wielding that!
c - a +0 short sword (weapon)
You closely miss the water moccasin.
The water moccasin is severely wounded.
The water moccasin bites you but does no damage.
The water moccasin closely misses you.
You hit the water moccasin.
The water moccasin is almost dead.
The water moccasin bites you.
* * * LOW HITPOINT WARNING * * *
You are lethally poisoned!
The water moccasin poisons you!
You hit the water moccasin.
The water moccasin is almost dead.
* * * LOW HITPOINT WARNING * * *
You feel very sick.
The water moccasin bites you but does no damage. x2
You closely miss the water moccasin.
The water moccasin is almost dead.
* * * LOW HITPOINT WARNING * * *
You feel very sick. The water moccasin bites you.
* * * LOW HITPOINT WARNING * * *
You are more poisoned.
The water moccasin poisons you!
The howler monkey hoots and howls with incredible vigour!
You hear a bark! x2; You hear a shout!
A red film seems to cover your vision as you go berserk!
You feel yourself moving faster!
You feel mighty!
* * * LOW HITPOINT WARNING * * *
You feel very sick. The water moccasin barely misses you.
You hit the water moccasin.
The water moccasin is almost dead.
You die...

....
####.... #
#...... #
#.#..... ..
.#...##.#
.......##
####........
#.@Sh.......
#.#####.....
#. ... ## #


You could see a water moccasin and a howler monkey (catching breath).

Vanquished Creatures
  A howler monkey (D:4)
  A jelly (D:4)
  An iguana (D:4)
  2 orc wizards (D:4)
  4 gnolls (D:2)
  5 adders
  A dart slug (D:3)
  11 orcs
  2 bats (D:2)
  3 endoplasms
  3 giant cockroaches
  5 goblins
  5 hobgoblins
  5 jackals
  5 kobolds
  2 quokkas
  4 ball pythons
  A frilled lizard (D:1)
  4 rats
65 creatures vanquished.

Notes
Turn   | Place    | Note
-------+----------+-------------------------------------------
     0 | D:1      | qeuew the Human Hunter began the quest for the Orb.
     0 | D:1      | Reached XP level 1. HP: 16/16 MP: 1/1
   494 | D:1      | Reached XP level 2. HP: 22/22 MP: 2/2
   850 | D:1      | Reached XP level 3. HP: 8/27 MP: 3/3
  1275 | D:2      | Reached skill level 1 in Armour
  1280 | D:2      | Reached XP level 4. HP: 28/34 MP: 4/4
  2050 | D:3      | Reached XP level 5. HP: 39/39 MP: 5/5
  2085 | D:3      | Found a hazy altar of Hepliaklqana.
  2104 | D:3      | Became a worshipper of Hepliaklqana the Forgotten
  2211 | D:3      | Reached skill level 5 in Ranged Weapons
  2226 | D:3      | Found a transporter.
  2229 | D:3      | Noticed Icepheonix32's ghost (amateur DgTm)
  2244 | D:3      | Found a transporter.
  2442 | D:3      | You fall into a shaft and drop 1 floor!
  2622 | D:4      | Reached skill level 1 in Short Blades
  2641 | D:4      | HP: 2/40 [poisoned by an orc]
  2947 | D:4      | Reached XP level 6. HP: 47/47 MP: 6/6
  3158 | D:4      | Found a staircase to the Ecumenical Temple.
  3175 | Temple   | Entered the Ecumenical Temple
  3833 | D:5      | Entered Level 5 of the Dungeon
  3846 | D:5      | Noticed an ogre
  3922 | D:5      | Noticed a water moccasin
  4111 | D:5      | HP: 1/70 [poisoned by a water moccasin]
  4112 | D:5      | Succumbed to a water moccasin's poison

Illustrated notes

Levels and vault maps discovered:
D:1:      dpeg_arrival_snail, layout_basic, grunt_decor_cap, minivault_25
D:2:      layout_rooms, st_stairs_6
D:3:      layout_rooms, overflow_temple_1_default, gammafunk_ghost_stat_death,
          hangedman_feature_mirror
D:4:      layout_basic, minmay_temple_entry_glassed_door, serial_park_tiny_pond
D:5:      layout_basic, hangedman_abyss_or_decor_stabs,
          nicolae_shop_i_like_big_books, minmay_shop_mass
Temple:   compressed_dpeg_triangle_lava_temple

Skill      XL: |  1  2  3  4  5  6 |
---------------+-------------------+-----
Armour         | 1 2 |  2.4
Ranged Weapons | 5 |  5.3
Short Blades   | 1 |  1.9
Fighting       | 3 |  3.2
Dodging        | 3 |  3.1
Stealth        | |  1.0
Shields        | |  0.1

Action                   |  1- 3 |  4- 6 || total
-------------------------+-------+-------++-------
Melee: Short sword       |       |    62 ||    62
 Fire: Shortbow          |    57 |   145 ||   202
  Use: Scroll            |     4 |     8 ||    12
       Potion            |     3 |     8 ||    11
Armor: Leather armour    |     7 |       ||     7
       Ring mail         |     1 |    41 ||    42
Dodge: Dodged            |    37 |    59 ||    96
Block: Other             |       |    22 ||    22
